 Dungeon Crawl Stone Soup version 0.31.0-32-g396128a36d (webtiles) character file.

Game seed: 14401371185087970609

2 BigDaddyOpFi the Digger (level 1, -2/11 HPs)
             Began as an Octopode Earth Elementalist on Mar 12, 2024.
             Slain by a jackal (3 damage)
             ... on level 1 of the Dungeon.
             The game lasted 00:00:09 (14 turns).

BigDaddyOpFi the Digger (Octopode Earth Elementalist) Turns: 14, Time: 00:00:10

Health: -2/11      AC:  1    Str:  7    XL:     1   Next: 40%
Magic:  1/3        EV: 13    Int: 17    God:
Gold:   0          SH:  0    Dex: 12    Spells: 3/4 levels left

rFire   . . .        (no weapon)
rCold   . . .        (no shield)
rNeg    . . .        (helmet restricted)
rPois   .            (no amulet)
rElec   .            (no ring)
rCorr   .            (no ring)
SInv    .            (no ring)
Will    .....        (no ring)
Stlth   +++          (no ring)
HPRegen 0.21/turn    (no ring)
MPRegen 0.08/turn    (no ring)
                     (no ring)

%: no passive effects
@: no status effects
A: almost no armour, amphibious, 8 rings, camouflage 1, gelatinous body 1,
(nimble swimmer 1), tentacles
a: no special abilities


You were on level 1 of the Dungeon.
You visited 1 branch of the dungeon, and saw 1 of its levels.

Inventory:

Potions
 a - a potion of magic


   Skills:
 + Level 2.0 Dodging
 + Level 2.8 Stealth
 + Level 2.0 Spellcasting
 + Level 1.0 Conjurations
 + Level 3.0 Earth Magic


You had 3 spell levels left.
You knew the following spells:

 Your Spells              Type           Power      Damage    Failure   Level
a - Sandblast             Erth           24%        2d8       5%          1

Your spell library contained the following spells:

 Spells                   Type           Power      Damage    Failure   Level
 Passwall                 Erth           12%        N/A       17%         3
 Stone Arrow              Conj/Erth      16%        3d8       26%         3
 Brom's Barrelling Bould  Conj/Erth      8%         2d3       63%         4
 Petrify                  Alch/Erth      6%         N/A       71%         4


Dungeon Overview and Level Annotations

Branches:
Dungeon (1/15)

Altars:


Innate Abilities, Weirdness & Mutations

You cannot wear most types of armour.
You are amphibious.
You can wear up to eight rings at the same time.
Your skin changes colour to match your surroundings (Stealth+).
Your rubbery body absorbs attacks. (AC +1, EV +1)
((You are camouflaged when in or above water. (Stealth+)))
You have tentacles for arms and can constrict up to eight enemies at once.


Message History

A jackal and an endoplasm come into view.
A kobold comes into view. It is wielding a +0 dagger.
The kobold shouts!
The blast of sand hits the jackal.
You kill the jackal!
The jackal barks! x2
The endoplasm quivers.
The jackal misses you. The jackal closely misses you.
The jackal barely misses you.
You barely miss the jackal. Your grab misses the jackal.
The jackal barely misses you. The jackal closely misses you.
You tentacle-slap the endoplasm. You squeeze the endoplasm.
You kill the endoplasm!
The jackal closely misses you. The jackal bites you.
The jackal closely misses you. The jackal misses you.
You closely miss the jackal. Your grab misses the jackal.
The kobold hits you with a +0 dagger. The jackal barely misses you.
The jackal misses you.
You closely miss the jackal. Your grab misses the jackal.
You tentacle-slap the jackal.
The jackal is lightly wounded.
The jackal bites you. The jackal misses you.
The kobold hits you with a +0 dagger.
You are too injured to fight recklessly!
You are too injured to fight recklessly!
You are too injured to fight recklessly!
Casting: Sandblast (safe; 5% risk of failure)
Confirm with . or Enter, or press ? or * to list all spells.
Aiming: Sandblast (safe; 5% risk of failure)
Press: ? - help, Shift-Dir - straight line, f - kobold
Aim: a kobold, wielding a +0 dagger (77% to hit)
The blast of sand hits the kobold.
The kobold is severely wounded.
The jackal bites you.
* * * LOW HITPOINT WARNING * * *
The jackal bites you.
* * * LOW HITPOINT WARNING * * *
The kobold closely misses you. The jackal barely misses you.
The jackal bites you.
You die...

.. #######.#
#.......#
########.......#
#..............#
#............>.#
#..............####
#.....h@...........
#.....hK........#
#........##.###.###
#.........##..# ..#
##.####...##..##..#
# ..##..##..#
.####..##..# #.
..##.<##...# #..
#..# ..##


You could see 2 jackals and a kobold.

Vanquished Creatures
  An endoplasm (D:1)
  A jackal (D:1)
2 creatures vanquished.

Notes
Turn   | Place    | Note
-------+----------+-------------------------------------------
     0 | D:1      | BigDaddyOpFi the Octopode Earth Elementalist began the
                  | quest for the Orb.
     0 | D:1      | Reached XP level 1. HP: 11/11 MP: 3/3
    14 | D:1      | Slain by a jackal

Illustrated notes

Levels and vault maps discovered:
D:1:      lightli_iron_boxes, layout_loops_cross, basic_ecumenical_altar

Action                     || total
---------------------------++-------
  Melee: Unarmed           ||     4
         Punch             ||     1
         Tentacles         ||     1
   Cast: Sandblast         ||     2
 Armour: Skin              ||     7
  Dodge: Dodged            ||    13
